 Dungeon Crawl Stone Soup version 0.29.1-15-g9cfb28693d (webtiles) character file.

Game seed: 14119914282107055600

1288 javelincjr the Magician (level 8, -4/56 HPs)
             Began as a Demonspawn Hedge Wizard on Mar 28, 2023.
             Was an Initiate of Sif Muna.
             Killed by divine providence
             ... invoked by an orc priest
              (13 damage)
             ... on level 6 of the Dungeon.
             The game lasted 00:23:05 (7905 turns).

javelincjr the Magician (Demonspawn Hedge Wizard)   Turns: 7905, Time: 00:23:05

Health: -4/56      AC:  8    Str: 15    XL:     8   Next: 30%
Magic:  9/15       EV: 12    Int: 25    God:    Sif Muna [......]
Gold:   194        SH:  0    Dex: 16    Spells: 11/16 levels left

rFire   . . .      SeeInvis .   a - +0 dagger
rCold   x . .      Faith    .   (no shield)
rNeg    + + .      Spirit   .   C - +1 ring mail {rN+}
rPois   .          Reflect  .   (helmet restricted)
rElec   .          Harm     .   (no cloak)
rCorr   .          Rampage  .   (no gloves)
Will    .....                   (no boots)
Stlth   ++........              (no amulet)
HPRegen 0.18/turn               G - ring "Cukkaly" {rC- rN+ Str+2 Int+4 Dex+3}
MPRegen 0.14/turn               i - +6 ring of intelligence

@: no status effects
A: horns 1, spiny 1, sharp scales 2
a: Renounce Religion


You were on level 6 of the Dungeon.
You worshipped Sif Muna.
Sif Muna was noncommittal.
You visited 1 branch of the dungeon, and saw 6 of its levels.

You collected 263 gold pieces.
You spent 69 gold pieces at shops.

Inventory:

Hand Weapons
 a - a +0 dagger (weapon)
Missiles
 t - a throwing net
 F - 2 poisoned darts
Armour
 b - a +0 robe
 c - a +0 hat
 p - a +0 helmet
 C - a +1 ring mail of positive energy (worn)
Jewellery
 e - a ring of protection from fire
 i - a +6 ring of intelligence (right hand)
 z - a ring of positive energy
 G - the ring "Cukkaly" (left hand) {rC- rN+ Str+2 Int+4 Dex+3}
   (You found it on level 5 of the Dungeon)

   [ring of positive energy]

   Str:       It affects your strength (+2).
   Int:       It affects your intelligence (+4).
   Dex:       It affects your dexterity (+3).
   rC:        It makes you vulnerable to cold.
   rN:        It protects you from negative energy.
Scrolls
 f - a scroll of amnesia {unknown}
 g - a scroll of magic mapping {unknown}
 h - 2 scrolls of enchant weapon {unknown}
 k - a scroll of blinking {unknown}
 n - a scroll of fear {unknown}
 o - 2 scrolls of brand weapon {unknown}
 q - 2 scrolls of teleportation {unknown}
 r - 2 scrolls of poison {unknown}
 s - a scroll of vulnerability {unknown}
 u - a scroll of butterflies {unknown}
 w - a scroll of torment {unknown}
 x - a scroll of acquirement {unknown}
 y - a scroll of silence {unknown}
 E - a scroll of summoning {unknown}
Potions
 d - 2 potions of magic
 j - 3 potions of heal wounds {unknown}
 l - a potion of ambrosia {unknown}
 m - a potion of lignification {unknown}
 v - 3 potions of curing {unknown}
 A - a potion of flight {unknown}
 B - 2 potions of attraction {unknown}
 D - a potion of berserk rage {unknown}
 H - 2 potions of brilliance {unknown}
 I - a potion of haste {unknown}
 J - a potion of mutation {unknown}


   Skills:
 + Level 2.2 Fighting
 + Level 2.0 Armour
 + Level 3.9 Dodging
 - Level 3.4 Stealth
 + Level 4.6 Spellcasting
 + Level 4.0 Conjurations
 + Level 3.8 Summonings
 + Level 3.5 Translocations


You had 11 spell levels left.
You knew the following spells:

 Your Spells              Type           Power      Damage    Failure   Level
a - Magic Dart            Conj           100%       1d8       3%          1
b - Blink                 Tloc           46%        N/A       6%          2
c - Call Imp              Summ           24%        N/A       5%          2

Your spell library contained the following spells:

 Spells                   Type           Power      Damage    Failure   Level
 Slow                     Hex            20%        N/A       16%         1
 Conjure Flame            Conj/Fire      15%        6-21      22%         3
 Dazzling Flash           Conj/Hex       30%        N/A       22%         3
 Mephitic Cloud           Conj/Pois/Air  12%        N/A       28%         3
 Iskenderun's Mystic Bla  Conj/Tloc      24%        2d7       34%         4
 Starburst                Conj/Fire      7%         6d4       100%        6


Dungeon Overview and Level Annotations

Branches:
Dungeon (6/15)             Temple (0/1) D:6

Altars:
Nemelex Xobeh
Qazlal
Sif Muna
Yredelemnul

Shops:
D:1 [[   D:2 *


Innate Abilities, Weirdness & Mutations

You have a pair of small horns on your head.
You are partially covered in sharp spines.
You are mostly covered in razor-sharp scales. (AC +2, Slay +2)


Message History

The magic dart hits the orc!
You kill the orc!
Sif Muna accepts your kill.
An orc priest comes into view. It is wielding a +0 war axe.
The magic dart hits the orc priest!
The orc priest is heavily wounded.
Casting: Magic Dart (safe; 3% risk of failure)
Confirm with . or Enter, or press ? or * to list all spells.
A metallic apparition takes form in the air.
Your iron imp says, "I'm here!"
An orc wizard comes into view. It is wielding a +0 dagger.
The orc priest calls down the wrath of Beogh upon you.
Beogh smites you!
The orc priest mumbles some strange prayers to Beogh against you.
Beogh smites you!
Casting: Call Imp (safe; 5% risk of failure)
Confirm with . or Enter, or press ? or * to list all spells.
Aiming: Magic Dart (safe; 3% risk of failure)
Press: ? - help, Shift-Dir - straight line, f/p - orc priest
Aim: an orc priest, wielding a +0 dagger (heavily wounded, ally target, 100% to hit)
The magic dart hits the orc priest!
The orc priest is almost dead.
The orc priest invokes the aid of Beogh against you.
Beogh smites you!
An orc comes into view. It is wielding a +0 hand axe.
Casting: Magic Dart (safe; 3% risk of failure)
Confirm with . or Enter, or press ? or * to list all spells.
Aiming: Magic Dart (safe; 3% risk of failure)
Press: ? - help, Shift-Dir - straight line, f/p - orc priest
Aim: an orc priest, wielding a +0 dagger (almost dead, ally target, 100% to hit)
The magic dart hits the orc priest.
You kill the orc priest!
Sif Muna accepts your kill.
The orc priest invokes the aid of Beogh against you.
Beogh smites you!
* * * LOW HITPOINT WARNING * * *
Your iron imp hits the orc priest!
The orc priest mumbles some strange prayers to Beogh against you.
Beogh smites you!
You die...

#.#.# ## #.#.# .#
#.#.## #.# .... ..# #.
... ..# # #.
#.#######..#.##. #.
#.#.........oo.. #.###
#......@..)5o##
#.##...###.###.####..##
#..........# #.# .#
#.###..###.###.# #)#
#.............## #.#
#####..####.### #>#
#......# #.# #.# #.
#.####.# #.# #.# .###
#.####.# #.# ...


You could see an orc priest (ally target), an orc wizard, an orc and a friendly
iron imp (summoned).

Vanquished Creatures
  A black bear (D:5)
  An ogre (D:5)
  A phantom (D:6)
  A centaur (D:5)
  Blork the orc (D:5)
  A necrophage (D:3)
  3 scorpions
  An orc priest (D:6)
  A hound (D:4)
  An iguana (D:5)
  5 orc wizards
  3 gnolls (D:2)
  6 adders
  An ufetubus (D:4)
  3 dart slugs
  13 orcs
  8 bats
  5 endoplasms
  6 giant cockroaches
  6 goblins
  4 hobgoblins
  3 quokkas
  7 ball pythons
  3 frilled lizards
  4 kobolds
  12 rats
101 creatures vanquished.

Vanquished Creatures (collateral kills)
  A black bear (D:5)
  An ogre (D:5)
  A scorpion (D:5)
  An iguana (D:5)
  An ufetubus (D:5)
  5 orcs
  2 endoplasms
  2 hobgoblins
  2 jackals (D:3)
16 creatures vanquished.

Vanquished Creatures (others)
  2 plants (D:5)
2 creatures vanquished.

Grand Total: 119 creatures vanquished

Notes
Turn   | Place    | Note
-------+----------+-------------------------------------------
     0 | D:1      | javelincjr the Demonspawn Hedge Wizard began the quest for
                  | the Orb.
     0 | D:1      | Reached XP level 1. HP: 13/13 MP: 4/4
     3 | D:1      | Found Qenu's Antique Armour Shop.
    83 | D:1      | Reached skill level 1 in Translocations
   292 | D:1      | Gained mutation: You are partially covered in razor-sharp
                  | scales. (AC +1, Slay +1) [demonic ancestry]
   292 | D:1      | Reached XP level 2. HP: 18/19 MP: 1/6
  1057 | D:1      | Found Xeoqoz's Antique Armour Emporium.
  1206 | D:1      | Gained mutation: You are partially covered in sharp spines.
                  | [demonic ancestry]
  1206 | D:1      | Reached XP level 3. HP: 24/24 MP: 0/7
  1410 | D:1      | Found a faded altar of an unknown god.
  1672 | D:2      | Learned a level 2 spell: Blink
  1675 | D:2      | Learned a level 2 spell: Call Imp
  2016 | D:2      | Found Hoatav's Assorted Antiques.
  2068 | D:2      | Bought a scroll labelled NOJUESEKH OLILL for 23 gold pieces
  2068 | D:2      | Bought a scroll labelled FOIXI GEZOAGH for 23 gold pieces
  2068 | D:2      | Bought a scroll labelled CONECHIUJU for 23 gold pieces
  2251 | D:2      | Gained mutation: You are mostly covered in razor-sharp
                  | scales. (AC +2, Slay +2) [demonic ancestry]
  2251 | D:2      | Reached XP level 4. HP: 13/30 MP: 1/8
  3686 | D:3      | Reached XP level 5. HP: 34/35 MP: 7/10
  4311 | D:3      | Found a stormy altar of Qazlal.
  4311 | D:3      | Found a basalt altar of Yredelemnul.
  4319 | D:3      | Found a sparkling altar of Nemelex Xobeh.
  4322 | D:3      | Found a faded altar of an unknown god.
  4324 | D:3      | Found a faded altar of an unknown god.
  4429 | D:4      | Reached XP level 6. HP: 39/41 MP: 7/11
  5713 | D:4      | Reached XP level 7. HP: 39/46 MP: 8/13
  5880 | D:5      | Entered Level 5 of the Dungeon
  6115 | D:5      | Noticed Blork the orc
  6135 | D:5      | Killed Blork the orc
  6313 | D:5      | Reached skill level 1 in Fighting
  6313 | D:5      | Reached skill level 1 in Armour
  6871 | D:5      | Identified the ring "Cukkaly" {rC- rN+ Str+2 Int+4 Dex+3}
  7229 | D:5      | Found a shimmering blue altar of Sif Muna.
  7232 | D:5      | Became a worshipper of Sif Muna the Loreminder
  7310 | D:5      | Gained mutation: You have a pair of small horns on your
                  | head. [demonic ancestry]
  7310 | D:5      | Reached XP level 8. HP: 47/56 MP: 7/14
  7814 | D:6      | Found a staircase to the Ecumenical Temple.
  7905 | D:6      | Killed from afar by an orc priest

Illustrated notes

Levels and vault maps discovered:
D:1:      dpeg_arrival_tiny_i, layout_loops_ring,
          hellmonk_ecumenical_altar_defaced_shrine, serial_aquarium,
          aquarium_bridge_square [aquarium_subvault_bridge,
          aquarium_subvault_balcony, aquarium_subvault_bridge,
          aquarium_subvault_bridge], aquarium_bridge_long_joined
          [aquarium_subvault_window, aquarium_subvault_bridge,
          aquarium_subvault_balcony, aquarium_subvault_window,
          aquarium_subvault_bridge, aquarium_subvault_wall], aquarium_window_1,
          aquarium_window_corner, aquarium_window_fake,
          aquarium_window_corridor_3, aquarium_view_2b, aquarium_view_2c,
          aquarium_balcony_3b, serial_shops, nicolae_shop_overgrown_old_shop,
          nicolae_shop_overgrown_old_shop, minmay_misc_feat_cross
D:2:      layout_loops_ring, serial_shops,
          nicolae_shop_temple_entry_statues_fountains
D:3:      layout_loops_ring, chequers_temple_overflow_minitemple,
          eino_tiny_chamber
D:4:      layout_cave_pods
D:5:      layout_basic, kennysheep_mini_moat, serial_bayou_pond_b,
          corexii_shack, uniq_blork_the_orc
D:6:      layout_loops_ring, minmay_temple_entry_glassed_door,
          serial_bayou_lake_a, uniq_edmund

Skill      XL: |  1  2  3  4  5  6  7  8 |
---------------+-------------------------+-----
Translocations | 1 2 3 |  3.5
Dodging        | 2 3 |  3.9
Stealth        | 2 3 |  3.4
Conjurations   | 2 3 4 |  4.0
Summonings     | 2 3 |  3.8
Spellcasting   | 4 |  4.6
Fighting       | 1 2 |  2.2
Armour         | 1 2 |  2.0

Action                   |  1- 3 |  4- 6 |  7- 9 || total
-------------------------+-------+-------+-------++-------
Melee: Dagger            |    38 |   112 |    47 ||   197
       Punch             |     4 |     1 |       ||     5
       Headbutt          |       |       |     3 ||     3
 Cast: Magic Dart        |    89 |    69 |    41 ||   199
       Call Imp          |     1 |    13 |    25 ||    39
 Stab: Sleeping          |     1 |     3 |       ||     4
Armor: Robe              |     5 |    29 |       ||    34
       Ring mail         |       |    22 |    34 ||    56
Dodge: Dodged            |    24 |    46 |    45 ||   115
